 Dungeon Crawl Stone Soup version 0.30-a0-587-gfd7c166f36 (webtiles) character file.

Game seed: 6856612016817757931

3063 CoinPitGoblin the Arsonist (level 9, -6/52 HPs)
             Began as an Octopode Fire Elementalist on Jan 4, 2023.
             Mangled by a yak (12 damage)
             ... on level 8 of the Dungeon.
             The game lasted 00:31:12 (11346 turns).

CoinPitGoblin the Arsonist (OpFE)                  Turns: 11346, Time: 00:31:13

Health: -6/52      AC:  1    Str:  8    XL:     9   Next: 88%
Magic:  9/20       EV: 16    Int: 25    God:
Gold:   375        SH:  0    Dex: 18    Spells: 9/23 levels left

rFire   + . .      SeeInvis .    y - +11 whip "Ifiegor" {drain, Fragile rC+++ rN+ Int+4}
rCold   + + .      Faith    .    (no shield)
rNeg    + . .      Spirit   .    (helmet restricted)
rPois   .          Reflect  .    (no amulet)
rElec   .          Harm     .    s - ring of fire
rCorr   +          Rampage  .    A - ring of resist corrosion
Will    .....                    H - +6 ring of dexterity
Stlth   +++                      (no ring)
HPRegen 0.28/turn                (no ring)
MPRegen 0.17/turn                (no ring)
                                 (no ring)
                                 (no ring)

@: no status effects
A: almost no armour, amphibious, 8 rings, camouflage 1, gelatinous body 1,
(nimble swimmer 1), tentacles
a: no special abilities


You were on level 8 of the Dungeon.
You visited 2 branches of the dungeon, and saw 9 of its levels.
You also visited: Sewer.

You collected 1392 gold pieces.
You spent 1017 gold pieces at shops.

Inventory:

Hand Weapons
 y - the +11 whip "Ifiegor" (weapon) {drain, Fragile rC+++ rN+ Int+4}
   (You found it on level 7 of the Dungeon)

   A truly terrible weapon, it drains the life of any living foe it strikes.
   Int:       It affects your intelligence (+4).
   rC:        It renders you almost immune to cold.
   rN:        It protects you from negative energy.
   Fragile:   It will be destroyed if unequipped.
 F - a +3 quarterstaff of holy wrath
Magical Staves
 m - a staff of death
 u - a staff of earth
 x - a staff of cold
Jewellery
 s - a ring of fire (left tentacle)
 A - a ring of resist corrosion (right tentacle)
 H - a +6 ring of dexterity (on tentacle)
Wands
 d - a wand of flame (28)
 r - a wand of polymorph (4)
 B - a wand of roots (9)
Scrolls
 e - a scroll of brand weapon
 f - a scroll of enchant weapon
 k - a scroll of magic mapping
 o - 3 scrolls of torment
 q - 3 scrolls of teleportation
 w - a scroll of amnesia
 z - a scroll of blinking
 E - a scroll of identify
 G - a scroll of fog
Potions
 a - a potion of magic
 b - a potion of mutation {unknown}
 c - 4 potions of flight {unknown}
 g - a potion of resistance {unknown}
 h - 3 potions of degeneration {unknown}
 i - a potion of brilliance {unknown}
 j - 2 potions of attraction {unknown}
 l - 2 potions of curing
 n - 3 potions of might {unknown}
 p - 2 potions of invisibility {unknown}
 t - a potion of haste
 v - 2 potions of lignification
 D - a potion of ambrosia {unknown}


   Skills:
 + Level 0.6 Fighting
 * Level 5.6 Dodging
 - Level 2.6 Stealth
 + Level 7.8 Spellcasting
 - Level 1.0 Conjurations
 + Level 8.0 Fire Magic
 * Level 2.8 Air Magic
 * Level 2.5 Earth Magic
 * Level 3.4 Poison Magic


You had 9 spell levels left.
You knew the following spells:

 Your Spells              Type           Power      Damage    Failure   Level
a - Inner Flame           Hex/Fire       44%        N/A       3%          3
q - Foxfire               Conj/Fire      100%       2x1d9     1%          1
s - Mephitic Cloud        Conj/Pois/Air  22%        N/A       7%          3
w - Scorch                Fire           100%       2d10      1%          2
x - Passwall              Tmut/Erth      13%        N/A       5%          2
z - Swiftness             Air            24%        N/A       6%          3

Your spell library contained the following spells:

 Spells                   Type           Power      Damage    Failure   Level
 Shock                    Conj/Air       76%        1d7       2%          1
 Poisonous Vapours        Pois/Air       50%        N/A       2%          2
 Sting                    Tmut/Pois      72%        1d6       3%          1
 Cigotuvi's Dreadful Rot  Necr/Pois/Air  40%        N/A       4%          2
 Kindle Blastsparks       Fire/Tloc/Air  84%        2d17      4%          3
 Beastly Appendage        Tmut           18%        N/A       6%          1
 Flame Wave               Conj/Fire      48%        2d12      10%         4
 Tukima's Dance           Hex            9%         N/A       19%         3
 Airstrike                Air            12%        2d(2-18)  19%         4
 Cause Fear               Hex            4%         N/A       52%         4
 Passage of Golubria      Tloc           9%         N/A       52%         4
 Alistair's Intoxication  Tmut/Pois      12%        N/A       63%         5
 Yara's Violent Unravell  Hex/Tmut       4%         3d4       86%         5
 Eringya's Noxious Bog    Tmut/Pois      9%         N/A       99%         6
 Discord                  Hex            4%         N/A       100%        8


Dungeon Overview and Level Annotations

Branches:
Dungeon (8/15)             Temple (1/1) D:5            Lair (0/5) D:8
  Sewer (visited)

Altars:
Ashenzari
Cheibriados
Dithmenos
Elyvilon
Fedhas
Hepliaklqana
Makhleb
Nemelex Xobeh
Okawaru
Qazlal
Ru
Trog
Uskayaw
Vehumet
Wu Jian
Xom
Zin

Shops:
D:6 :   D:8 *

Annotations:
D:8 Erica, Prince Ribbit


Innate Abilities, Weirdness & Mutations

You cannot wear most types of armour.
You are amphibious.
You can wear up to eight rings at the same time.
Your skin changes colour to match your surroundings (Stealth+).
Your rubbery body absorbs attacks. (AC +1, EV +1)
((You are camouflaged when in or above water. (Stealth+)))
You have tentacles for arms and can constrict up to eight enemies at once.


Message History

Confirm with . or Enter, or press ? or * to list all spells.
You feel a surge of power!
You conjure some foxfire!
The yak is engulfed in blazing flames.
Flame seeps out of the yak.
The foxfire hits the yak.
Flame seeps out of the yak.
The yak is heavily wounded.
The foxfire hits the scorpion.
The scorpion is lightly wounded.
Casting: Foxfire (safe; 1% risk of failure)
Confirm with . or Enter, or press ? or * to list all spells.
Aiming: Inner Flame (dangerous; 3% risk of failure)
Press: ? - help, Dir - move target, f - scorpion, p - yak
Aim: a scorpion (lightly wounded, chance to affect: 91%)
You feel a surge of power!
The scorpion is filled with an inner flame.
The yak is engulfed in blazing flames.
Flame seeps out of the yak.
Casting: Inner Flame (dangerous; 3% risk of failure)
Confirm with . or Enter, or press ? or * to list all spells.
You feel a surge of power!
You conjure some foxfire!
The scorpion stings you.
The foxfire hits the yak.
The yak explodes!
The fiery explosion engulfs the scorpion!!
The fiery explosion engulfs you!! You resist.
Ouch! That really hurt!
The scorpion explodes!
The fiery explosion engulfs you. You resist.
The fiery explosion engulfs your foxfire.
Your foxfire completely resists.
You hear a bellow!
You hear a shout! x4
Your Fire Magic skill increases to level 8!
You are engulfed in blazing flames.
You resist.
* * * LOW HITPOINT WARNING * * *
The foxfire hits the yak but does no damage.
The yak is engulfed in blazing flames.
The yak is engulfed in blazing flames.
The bullfrog croaks.
You hit the yak. You drain the yak.
The yak is severely wounded.
You hear a zap.
You hear a grinding noise.
The yak is engulfed in blazing flames.
The yak gores you!
You die...

Y. #.... ..#
#.#.##. #'
#.... ###
#.#...Y #o
##F#. #.####)
##.######.#
#.# #)
#......# .#
..# #Y
##....#.##.#
#.
##.....#..#.#
##
.......Y§§#..#
####...#§§Y@.#
#..#§#§####
#..##..#
#..###.#
#......#
##.#####
####.# #....#
#....# ###


You could see 2 yaks and a bullfrog.

Vanquished Creatures
  A troll (D:7)
  A wyvern (D:7)
  A yak (D:8)
  A water moccasin (Sewer)
  A black bear (D:2)
  2 orc warriors
  An ice beast (D:5)
  2 sky beasts
  2 centaurs
  3 kobold brigands
  3 phantoms
  4 scorpions
  A necrophage (D:6)
  5 wights (D:6)
  6 hounds
  2 orc priests (D:5)
  A gnoll bouda (D:7)
  A jelly (D:7)
  4 iguanas
  3 orc wizards
  4 gnolls
  10 adders
  A white imp (D:7)
  A worm (D:2)
  3 dart slugs
  19 orcs
  15 ball pythons
  6 bats
  8 endoplasms
  5 giant cockroaches
  9 goblins
  9 hobgoblins
  9 jackals (D:1)
  6 quokkas
  5 frilled lizards
  24 kobolds
  3 rats
182 creatures vanquished.

Vanquished Creatures (collateral kills)
  3 foxfires (D:8)
3 creatures vanquished.

Vanquished Creatures (others)
  1014 foxfires
1014 creatures vanquished.

Grand Total: 1199 creatures vanquished

Notes
Turn   | Place    | Note
-------+----------+-------------------------------------------
     0 | D:1      | CoinPitGoblin the Octopode Fire Elementalist began the
                  | quest for the Orb.
     0 | D:1      | Reached XP level 1. HP: 11/11 MP: 3/3
   212 | D:1      | Reached XP level 2. HP: 17/17 MP: 0/5
   741 | D:1      | Reached XP level 3. HP: 21/21 MP: 2/6
  2060 | D:2      | Reached skill level 4 in Fire Magic
  2060 | D:2      | Reached XP level 4. HP: 26/27 MP: 3/8
  3212 | D:2      | Noticed a black bear
  3303 | D:2      | Killed a black bear
  3304 | D:2      | Reached XP level 5. HP: 31/31 MP: 1/10
  3716 | D:3      | Reached XP level 6. HP: 36/36 MP: 5/11
  3842 | D:3      | Found a glowing drain.
  3955 | Sewer    | Entered a sewer
  3983 | Sewer    | Noticed a water moccasin
  4016 | Sewer    | Killed a water moccasin
  4017 | Sewer    | Reached skill level 5 in Fire Magic
  4968 | D:3      | Learned a level 2 spell: Scorch
  4968 | D:3      | Identified a scroll of acquirement
  4968 | D:3      | Acquired 1012 gold pieces
  5401 | D:4      | Found a radiant altar of Vehumet.
  5412 | D:4      | Reached XP level 7. HP: 39/41 MP: 7/13
  6195 | D:5      | Entered Level 5 of the Dungeon
  6428 | D:5      | Reached skill level 5 in Spellcasting
  6539 | D:5      | Reached skill level 6 in Fire Magic
  6794 | D:5      | Found a staircase to the Ecumenical Temple.
  6848 | Temple   | Entered the Ecumenical Temple
  7118 | D:5      | Reached XP level 8. HP: 46/46 MP: 11/16
  8128 | D:6      | Reached skill level 7 in Fire Magic
  8180 | D:6      | Found a burning altar of Makhleb.
  8180 | D:6      | Noticed a balrug
  8357 | D:6      | Found Edwugu's Tremendous Tomes.
  8366 | D:6      | Bought the Catalogue of the Fox for 832 gold pieces
  8370 | D:6      | Learned a level 3 spell: Inner Flame
  8373 | D:6      | Learned a level 2 spell: Passwall
  8377 | D:6      | Learned a level 3 spell: Mephitic Cloud
  8381 | D:6      | Learned a level 3 spell: Swiftness
  8530 | D:6      | Reached skill level 1 in Air Magic
  8681 | D:6      | Reached skill level 5 in Dodging
  8681 | D:6      | Reached skill level 1 in Poison Magic
  8681 | D:6      | Reached XP level 9. HP: 51/51 MP: 8/19
  8968 | D:7      | Identified the +11 whip "Ifiegor" {drain, Fragile rC+++ rN+
                  | Int+4}
  9069 | D:7      | Reached skill level 1 in Earth Magic
  9305 | D:7      | Found a sacrificial altar of Ru.
  9556 | D:7      | HP: 2/51 [wyvern (14)]
  9721 | D:7      | Noticed a troll
 10095 | D:7      | Killed a troll
 10625 | D:8      | Found Gipeump's Assorted Antiques.
 10801 | D:8      | Bought a granite ring for 185 gold pieces
 10892 | D:8      | HP: 1/52 [centaur/arrow (4)]
 10903 | D:8      | Noticed Erica
 10903 | D:8      | Noticed a komodo dragon
 10909 | D:8      | Noticed Prince Ribbit
 11200 | D:8      | Found a staircase to the Lair.
 11280 | D:8      | Found a shimmering altar of Xom.
 11344 | D:8      | Reached skill level 8 in Fire Magic
 11346 | D:8      | Mangled by a yak

Illustrated notes

Levels and vault maps discovered:
D:1:      heliophobic_arrival_battle_scene, layout_basic,
          minmay_misc_feat_diagonals, minivault_25
D:2:      layout_basic, minmay_octomino_j4
D:3:      layout_basic, gup_sewer_entry_pipe
D:4:      layout_loops_ring, kennysheep_small_circle
D:5:      layout_cave_pods, minmay_temple_entry_purple_smoke
D:6:      layout_rooms, makhleb_altar_promises_db, nicolae_shop_i_like_big_books
D:7:      layout_loops_ring, old_standard_altar
D:8:      layout_loops_corners, mainiacjoe_overflow_cross_hatched,
          grunt_lair_entry_orc_guard_hut, serial_shops,
          nicolae_inconvenience_store, kennysheep_generic_room_8, uniq_pikel,
          uniq_prince_ribbit1, uniq_joseph, uniq_erica
Temple:   nicolae_temple_great_sept

Skill      XL: |  1  2  3  4  5  6  7  8  9 |
---------------+----------------------------+-----
Fire Magic     | 4 5 6 7 8 |  8.0
Spellcasting   | 3 4 5 7 |  7.8
Dodging        | 3 4 5 |  5.6
Air Magic      | 1 2 |  2.8
Poison Magic   | 1 3 |  3.4
Earth Magic    | 2 |  2.5
Fighting       | |  0.6
Stealth        | |  2.6
Conjurations   | |  1.0

Action                   |  1- 3 |  4- 6 |  7- 9 || total
-------------------------+-------+-------+-------++-------
Melee: Unarmed           |     4 |       |       ||     4
       Tentacles         |     5 |       |     9 ||    14
       Constrict         |     3 |     1 |     3 ||     7
       Dagger            |     6 |     8 |     7 ||    21
       Whip              |       |       |    13 ||    13
 Cast: Foxfire           |   105 |   190 |   317 ||   612
       Inner Flame       |       |       |     8 ||     8
       Scorch            |       |       |    10 ||    10
       Mephitic Cloud    |       |       |     6 ||     6
       Swiftness         |       |       |     2 ||     2
  Use: Scroll            |       |    12 |     9 ||    21
       Potion            |       |       |     2 ||     2
 Stab: Sleeping          |       |     2 |     1 ||     3
Armor: Skin              |     1 |     2 |     1 ||     4
Dodge: Dodged            |    18 |     6 |    46 ||    70

Table legend: (Time is in decaauts)
 A = Elapsed time spent in this place.
 B = Non-inter-level travel time spent in this place.
 C = Inter-level travel time spent in this place.
 D = Time resting spent in this place.
 E = Time spent auto-exploring this place.
 F = Levels seen in this place.
 G = Mean time per level.
                   A        B        C        D        E       F      G
               +--------+--------+--------+--------+--------+-----+--------+
         Total |  11353 |  10663 |    690 |    305 |   8558 |  10 | 1135.3 |
       Dungeon |  11094 |  10405 |    689 |    305 |   8398 |   8 | 1386.8 |
        Temple |    100 |     99 |      1 |      0 |     76 |   1 |  100.0 |
         Sewer |    157 |    157 |      0 |      0 |     84 |   1 |  157.0 |
               +--------+--------+--------+--------+--------+-----+--------+

Top non-repeatable levels by time:
     D:1: 1873 daAuts
     D:2: 1587 daAuts
     D:6: 1458 daAuts
     D:3: 1441 daAuts
     D:5: 1380 daAuts
     D:7: 1290 daAuts
     D:4: 1166 daAuts
     D:8: 896 daAuts
   Sewer: 157 daAuts
  Temple: 100 daAuts
